 Dungeon Crawl Stone Soup version 0.30.1 (webtiles) character file.

Game seed: 4004454892154356941

529 safid the Chiller (level 7, -4/55 HPs)
             Began as a Merfolk Ice Elementalist on July 10, 2023.
             Slain by a phantom (6 damage)
             ... on level 4 of the Dungeon.
             The game lasted 00:07:31 (3430 turns).

safid the Chiller (Merfolk Ice Elementalist)        Turns: 3430, Time: 00:07:32

Health: -4/55      AC:  4    Str:  8    XL:     7   Next: 23%
Magic:  15/22      EV: 12    Int: 16    God:
Gold:   189        SH:  0    Dex: 15    Spells: 7/14 levels left

rFire   . . .        c - +0 hand axe
rCold   . . .        (no shield)
rNeg    . . .        t - +0 robe {Will+}
rPois   .            k - +0 helmet
rElec   .            u - +0 cloak
rCorr   .            (no gloves)
SInv    .            (no boots)
Will    +....        (no amulet)
Stlth   ++           i - ring of magical power
HPRegen 0.29/turn    (no ring)
MPRegen 0.18/turn

%: no passive effects
@: mighty
A: (nimble swimmer 2), mertail
a: no special abilities


You were on level 4 of the Dungeon.
You visited 1 branch of the dungeon, and saw 4 of its levels.
You also visited: Sewer.

You collected 189 gold pieces.

Inventory:

Hand Weapons
 c - a +0 hand axe (weapon)
Armour
 k - a +0 helmet (worn)
 t - a +0 robe of willpower (worn)
 u - a +0 cloak (worn)
Jewellery
 i - a ring of magical power (left hand)
 o - a ring of fire
Wands
 n - a wand of light (14)
Scrolls
 a - a scroll of amnesia {unknown}
 e - 2 scrolls of teleportation {unknown}
 g - 5 scrolls of identify {unknown}
 h - a scroll of blinking {unknown}
 l - a scroll of poison {unknown}
 m - a scroll of noise {unknown}
 q - 3 scrolls of fog {unknown}
 r - a scroll of magic mapping {unknown}
 s - 2 scrolls of fear {unknown}
Potions
 b - 2 potions of magic
 d - a potion of attraction {unknown}
 f - 2 potions of might
 j - 2 potions of ambrosia {unknown}
 p - 2 potions of heal wounds {unknown}
 v - a potion of degeneration {unknown}


   Skills:
 + Level 4.3 Fighting
 - Level 2.6 Dodging
 - Level 2.1 Stealth
 + Level 4.3 Spellcasting
 + Level 6.4 Ice Magic


You had 7 spell levels left.
You knew the following spells:

 Your Spells              Type           Power      Damage    Failure   Level
a - Freeze                Ice            96%        1d10      1%          1
b - Frozen Ramparts       Ice            48%        1d8       3%          3
c - Ozocubu's Armour      Ice            24%        N/A       3%          3

Your spell library contained the following spells:

 Spells                   Type           Power      Damage    Failure   Level
 Summon Ice Beast         Ice/Summ       13%        N/A       38%         4
 Metabolic Englaciation   Hex/Ice        6%         N/A       75%         5
 Petrify                  Tmut/Erth      3%         N/A       85%         4
 Statue Form              Tmut/Erth      2%         N/A       100%        6


Dungeon Overview and Level Annotations

Branches:
Dungeon (4/15)              Sewer (visited)
 Temple: D:4-7

Altars:
Wu Jian

Shops:
D:1 (


Innate Abilities, Weirdness & Mutations

((You are very nimble when in or above water. (Stealth+, EV+, Speed+++)))
Your lower body shifts to a powerful aquatic tail in water.


Message History

* * * LOW HITPOINT WARNING * * *
You hit the phantom.
The phantom is almost destroyed.
The phantom hits you but does no damage.
You hit the phantom but do no damage. Your punch misses the phantom.
The phantom is almost destroyed.
The phantom barely misses you.
The phantom hits you but does no damage.
You barely miss the phantom.
The phantom is severely damaged.
The phantom completely misses you.
You barely miss the phantom.
The phantom is severely damaged.
The phantom hits you.
* * * LOW HITPOINT WARNING * * *
The phantom blinks!
You blink.
Your icy armour cracks and falls away as you move.
Casting: Ozocubu's Armour (dangerous; 3% risk of failure)
Confirm with . or Enter, or press ? or * to list all spells.
A film of ice covers your body! The phantom hits you.
* * * LOW HITPOINT WARNING * * *
The phantom hits you but does no damage.
You closely miss the phantom.
The phantom is severely damaged.
The phantom barely misses you.
You barely miss the phantom.
The phantom is severely damaged.
The phantom hits you.
* * * LOW HITPOINT WARNING * * *
The phantom blinks!
You blink.
Your icy armour cracks and falls away as you move.
The phantom hits you.
* * * LOW HITPOINT WARNING * * *
It was a potion of might.
You feel very mighty all of a sudden. The phantom closely misses you.
You barely miss the phantom.
The phantom is severely damaged.
The phantom hits you.
You die...

.......# ##
#######....##...#.#.
##.....# #.
...............)#.#.
#...).# #.
#######.........#...
#.....# #. ##.##.###.#.#.
#...>.# #.##########...(#
#.#... #.....#
#....§..§.##..### #.#.#.
#.....###########.##..#
..#.##
#...†.............##..#
#.#...
########........@.##
#..... #......'.........W+
......
########..........###.##.
#..... #.................
#.....
#..........###############
#..................†......
#..........####....#######
#############......#
#.#.#..#


You could see a phantom.

Vanquished Creatures
  Sigmund (D:4)
  Pargi (Sewer)
  A hound (D:4)
  Jessica (D:3)
  Natasha (thrice) (D:3)
  A river rat (D:3)
  4 adders
  3 worms
  6 orcs (D:3)
  7 bats
  6 endoplasms
  A giant cockroach (D:3)
  6 hobgoblins
  7 jackals
  A quokka (D:2)
  7 ball pythons
  4 frilled lizards
  6 goblins
  7 kobolds
  6 rats
79 creatures vanquished.

Notes
Turn   | Place    | Note
-------+----------+-------------------------------------------
     0 | D:1      | safid the Merfolk Ice Elementalist began the quest for the
                  | Orb.
     0 | D:1      | Reached XP level 1. HP: 13/13 MP: 3/3
   104 | D:1      | Found Dalekuj's Antique Weapon Shop.
   371 | D:1      | Reached XP level 2. HP: 13/20 MP: 1/5
   532 | D:1      | Reached skill level 1 in Fighting
  1216 | D:2      | Reached XP level 3. HP: 25/26 MP: 6/6
  1599 | D:2      | Found a faded altar of an unknown god.
  1782 | D:3      | Noticed Jessica
  1905 | D:3      | Noticed Natasha
  1913 | D:3      | Killed Natasha
  1914 | D:3      | Reached skill level 5 in Ice Magic
  1914 | D:3      | Reached XP level 4. HP: 19/33 MP: 8/8
  1981 | D:3      | Noticed Natasha
  2012 | D:3      | Found a glowing drain.
  2042 | Sewer    | Entered a sewer
  2047 | Sewer    | Learned a level 3 spell: Frozen Ramparts
  2051 | Sewer    | Learned a level 3 spell: Ozocubu's Armour
  2178 | Sewer    | Noticed Pargi
  2212 | Sewer    | Killed Pargi
  2213 | Sewer    | Reached XP level 5. HP: 26/41 MP: 5/10
  2383 | D:3      | Killed Jessica
  2384 | D:3      | Reached XP level 6. HP: 34/47 MP: 11/11
  2384 | D:3      | Killed Natasha
  2389 | D:3      | Noticed Natasha
  2403 | D:3      | Killed Natasha
  2755 | D:4      | Found an ornate altar of the Wu Jian Council.
  2906 | D:4      | Noticed Sigmund
  2921 | D:4      | Killed Sigmund
  2922 | D:4      | Reached skill level 6 in Ice Magic
  2922 | D:4      | Reached XP level 7. HP: 28/54 MP: 13/13
  3428 | D:4      | HP: 2/55 [phantom (1)]
  3430 | D:4      | Slain by a phantom

Illustrated notes

Levels and vault maps discovered:
D:1:      lemuel_arrival_tunnels, layout_loops_cross, serial_shops,
          nicolae_shop_rolling_square
D:2:      layout_basic, ebering_ecumenical_altar_sacrificial,
          hangedman_abyss_or_decor_lesser_grid
D:3:      layout_rooms, portal_sewer_entry_c, uniq_jessica, uniq_natasha
D:4:      layout_basic, mainiacjoe_overflow_six_doors_small,
          kennysheep_generic_room_15, uniq_sigmund

Skill      XL: |  1  2  3  4  5  6 |
---------------+-------------------+-----
Fighting       | 1 2 3 4 |  4.3
Ice Magic      | 5 6 |  6.4
Spellcasting   | 3 4 |  4.3
Dodging        | |  2.6
Stealth        | |  2.1

Action                     |  1- 3 |  4- 6 |  7- 9 || total
---------------------------+-------+-------+-------++-------
  Melee: Hand axe          |    43 |    46 |    49 ||   138
         Punch             |       |     1 |       ||     1
   Cast: Freeze            |    46 |    33 |     6 ||    85
         Frozen Ramparts   |       |     6 |     1 ||     7
         Ozocubu's Armour  |       |     2 |     6 ||     8
    Use: Potion            |       |       |     1 ||     1
   Stab: Sleeping          |     2 |     3 |     2 ||     7
 Armour: Robe              |    19 |    31 |    24 ||    74
  Dodge: Dodged            |    73 |    38 |    30 ||   141
